 Dungeon Crawl Stone Soup version 0.19.1-1-g22dce08 (webtiles) character file.

481 theAP the Skirmisher (level 7, -3/47 HPs)
             Began as a Gargoyle Fighter on Jan 9, 2017.
             Slain by a troll (5 damage)
             ... on level 3 of the Dungeon.
             The game lasted 00:08:28 (2727 turns).

theAP the Skirmisher (Gargoyle Fighter)             Turns: 2727, Time: 00:08:28

Health: -3/47      AC: 19    Str: 22    XL:     7   Next: 12%
Magic:  0/7        EV:  5    Int:  8    God:
Gold:   194        SH: 12    Dex:  9    Spells: 0 memorised, 6 levels left

rFire  . . .     SeeInvis .     a - +0 flail
rCold  . . .     Gourm    .     r - +0 chain mail
rNeg   + . .     Faith    .     k - +3 shield
rPois  ∞         Spirit   +     p - +0 helmet
rElec  +         Reflect  .     n - +2 cloak {+Inv}
rCorr  .         Harm     .     (no gloves)
MR     .....                    s - +0 pair of boots
Stlth  ..........               o - amulet of guardian spirit
                                (no ring)
                                (no ring)

@: no status effects
A: negative energy resistance 1, electricity resistance, unbreathing,
petrification resistance, rot immunity, AC +4
a: Evoke Invisibility


You were on level 3 of the Dungeon.
You were not hungry.

You visited 1 branch of the dungeon, and saw 4 of its levels.

You collected 194 gold pieces.

Inventory:

Hand Weapons
 a - a +0 flail (weapon)
Armour
 b - a +0 scale mail
 c - a +0 shield
 k - a +3 shield (worn)
 n - a +2 cloak of invisibility (worn)
 p - a +0 helmet (worn)
 r - a +0 chain mail (worn)
 s - a +0 pair of boots (worn)
Jewellery
 o - an amulet of guardian spirit (around neck)
 w - an uncursed ring of loudness
Scrolls
 d - a scroll of recharging
 j - 3 scrolls of identify
 l - a scroll of amnesia {unknown}
Potions
 g - a potion of beneficial mutation {unknown}
 m - a potion of flight {unknown}
 u - a potion of agility {unknown}
 v - a potion of lignification {unknown}
Comestibles
 f - 3 bread rations
 h - 4 meat rations
 i - 2 beef jerkies
 t - 17 chunks of flesh
 x - a slice of pizza


   Skills:
 + Level 6.6 Fighting
 + Level 5.3 Maces & Flails
 - Level 3.2 Armour
 - Level 3.2 Shields


You had 6 spell levels left.
You didn't know any spells.

Dungeon Overview and Level Annotations

Branches:
Dungeon (4/15)
 Temple: D:4-7

Altars:

Annotations:
D:4 theAP's ghost, amateur GrFi


Innate Abilities, Weirdness & Mutations

You are resistant to torment.
Your stone body is resilient. (AC +4)
You are immune to poison.
You resist negative energy. (rN+)
You are resistant to electric shocks. (rElec)
You can survive without breathing.
You are immune to petrification.
You are immune to rotting.


Message History

The troll is severely wounded.
You block the troll's attack. The troll claws you!
* * * LOW HITPOINT WARNING * * *
The troll barely misses you.
You hit the troll but do no damage.
The troll is severely wounded.
The troll bites you but does no damage.
The troll claws you but does no damage. x2
You block the troll's attack. x2; The troll claws you.
* * * LOW HITPOINT WARNING * * *
You closely miss the troll.
The troll is severely wounded.
You block the troll's attack. The troll completely misses you.
The troll claws you but does no damage.
You closely miss the troll.
The troll is heavily wounded.
You block the troll's attack.
The troll claws you but does no damage. x2
You sock the troll!
The troll is almost dead.
The troll bites you but does no damage. The troll claws you.
You die...

#........####.##.####............
##.###......................<.)..
#.# #....)...##.####.......#.#..
#.# #...^....##.)..#.....#.#.#.#
#.# #........##.##.#.###.#.#.#..
#.# #....#.#.##.##.#.# #.#)#.###
#.# ###+##.#.##.##.#.# #.#.#.# #
##.#####....#..T....#.###.#.#.###
#.............[†@..........<....+
####.......##################.###
#.#####.....................##
#.#######.......######...#####
#....................+...+....
#########.......######...#####
#..(....# #........ #########
####..... #.÷)..


You could see a troll.

Vanquished Creatures
  Sigmund (D:3)
  Crazy Yiuf (D:3)
  10 gnolls
  5 adders
  2 worms
  2 dart slugs (D:1)
  3 leopard geckos
  8 orcs
  2 ball pythons (D:3)
  6 bats
  A giant cockroach (D:2)
  16 goblins
  18 hobgoblins
  15 jackals
  15 kobolds
  2 quokkas
  4 frilled lizards
  7 rats
118 creatures vanquished.

Notes
Turn   | Place    | Note
-------+----------+-------------------------------------------
     0 | D:1      | theAP the Gargoyle Fighter began the quest for the Orb.
     0 | D:1      | Reached XP level 1. HP: 14/14 MP: 1/1
   144 | D:1      | Reached XP level 2. HP: 17/19 MP: 2/2
   345 | D:1      | Reached skill level 4 in Fighting
   345 | D:1      | Reached XP level 3. HP: 22/24 MP: 3/3
  1162 | D:2      | Reached XP level 4. HP: 30/30 MP: 4/4
  1723 | D:3      | Reached skill level 5 in Fighting
  1723 | D:3      | Reached XP level 5. HP: 35/35 MP: 5/5
  1736 | D:3      | Noticed Sigmund
  1759 | D:3      | Killed Sigmund
  1759 | D:3      | Reached XP level 6. HP: 25/41 MP: 3/6
  2130 | D:3      | Found a runed door.
  2168 | D:3      | Reached skill level 6 in Fighting
  2386 | D:3      | Noticed Crazy Yiuf
  2393 | D:3      | Killed Crazy Yiuf
  2393 | D:3      | Reached skill level 5 in Maces & Flails
  2539 | D:4      | Reached XP level 7. HP: 47/47 MP: 7/7
  2684 | D:4      | Noticed a troll
  2696 | D:4      | Noticed theAP's ghost (amateur GrFi)
  2707 | D:3      | HP: 2/47 [troll (4)]
  2714 | D:3      | HP: 1/47 [troll (2)]
  2724 | D:3      | HP: 2/47 [troll (2)]
  2727 | D:3      | Slain by a troll

Skill      XL: |  1  2  3  4  5  6 |
---------------+-------------------+-----
Fighting       | 4 5 6 |  6.6
Maces & Flails | 3 4 5 |  5.3
Armour         | |  3.2
Shields        | |  3.2

Action                   |  1- 3 |  4- 6 |  7- 9 || total
-------------------------+-------+-------+-------++-------
Melee: Flail             |   165 |   280 |    84 ||   529
  Use: Scroll            |     2 |     4 |       ||     6
       Potion            |       |     2 |     3 ||     5
  Eat: Chunk             |     1 |     5 |     1 ||     7
Armor: Scale mail        |    96 |    70 |       ||   166
       Chain mail        |       |   182 |    78 ||   260
Dodge: Dodged            |    37 |    80 |    20 ||   137
Block: Shield            |   105 |   245 |    73 ||   423
